 Dungeon Crawl Stone Soup version 0.21-a0-538-gd16b88a (webtiles) character file.

41 Dynast the Sneak (level 3, 0/34 HPs)
             Began as a Naga Fighter on Dec 17, 2017.
             Slain by Natasha (7 damage)
             ... on level 2 of the Dungeon.
             The game lasted 00:08:08 (1527 turns).

Dynast the Sneak (Naga Fighter)                     Turns: 1527, Time: 00:08:09

Health: 0/34       AC:  4    Str: 19    XL:     3   Next: 52%
Magic:  3/3        EV:  6    Int:  8    God:
Gold:   103        SH:  8    Dex: 10    Spells: 2/2 levels left

rFire    . . .     SeeInvis +   a - +0 rapier
rCold    . . .     Gourm    .   c - +0 shield
rNeg     . . .     Faith    .   e - +0 ring mail
rPois    +         Spirit   .   (no helmet)
rElec    .         Reflect  .   (no cloak)
rCorr    .         Harm     .   (no gloves)
MR       .....                  (no barding)
Stlth    ++........             (no amulet)
HPRegen  0.11/turn              (no ring)
MPRegen  0.08/turn              (no ring)

@: slowed, very slow
A: large, see invisible, deformed body, poison resistance, slowness 2, slow
metabolism 1, spit poison 1, AC +1
a: Spit Poison


You were on level 2 of the Dungeon.
You were very hungry.

You visited 1 branch of the dungeon, and saw 2 of its levels.

You collected 103 gold pieces.

Inventory:

Hand Weapons
 a - a +0 rapier (weapon)
Armour
 b - a cursed -1 leather armour
 c - a +0 shield (worn)
 e - a +0 ring mail (worn)
Scrolls
 d - a scroll of amnesia {unknown}
 i - 2 scrolls of enchant weapon {unknown}
 j - a scroll of magic mapping {unknown}
 k - a scroll of remove curse {unknown}
 l - a scroll of fog {unknown}
 n - a scroll of identify {unknown}
Potions
 h - a potion of agility {unknown}
 m - a potion of degeneration {unknown}
 p - a potion of might
 q - a potion of heal wounds {unknown}
Comestibles
 f - 2 bread rations
 g - 2 meat rations


   Skills:
 + Level 3.4 Fighting
 - Level 2.0 Short Blades
 - Level 2.4 Armour
 + Level 4.1 Stealth
 - Level 2.4 Shields


You had 2 spell levels left.
You didn't know any spells.

Dungeon Overview and Level Annotations

Branches:
Dungeon (2/15)

Altars:
Gozag

Annotations:
D:2 Natasha


Innate Abilities, Weirdness & Mutations

You cannot wear boots.
Your serpentine skin is tough. (AC +1)
You have supernaturally acute eyesight. (SInv)
Armour fits poorly on your strangely shaped body.
Your system is resistant to poisons. (rPois)
You cover ground very slowly.
You have a slow metabolism.
You can spit poison.


Message History

Natasha claws you.
Unknown command.
You closely miss Natasha.
Natasha is almost dead.
Natasha claws you.
* * * LOW HITPOINT WARNING * * *
Unknown command.
You closely miss Natasha.
Natasha is severely wounded.
Natasha mumbles some strange words.
Natasha's front paws start to glow.
Natasha casts a spell at you.
You feel yourself slow down.
Unknown command.
Okay, then.
Your shield prevents you from hitting Natasha.
Natasha is severely wounded.
You have got your breath back.
Natasha claws you!
You die...

...#
#.#
#.#
#.#
#.#
#.#
#.#
#.#
#.#
#@#
#h#
#(#
#.#
#.#
#.#
#.#
#(#


You could see Natasha.

Vanquished Creatures
  An adder (D:2)
  4 dart slugs
  A leopard gecko (D:1)
  A ball python (D:2)
  5 bats
  A goblin (D:1)
  2 hobgoblins (D:1)
  4 frilled lizards
  3 kobolds
  3 rats
25 creatures vanquished.

Notes
Turn   | Place    | Note
-------+----------+-------------------------------------------
     0 | D:1      | Dynast the Naga Fighter began the quest for the Orb.
     0 | D:1      | Reached XP level 1. HP: 21/21 MP: 1/1
    20 | D:1      | Reached skill level 1 in Stealth
   255 | D:1      | Reached skill level 2 in Stealth
   332 | D:1      | Reached XP level 2. HP: 28/28 MP: 2/2
   481 | D:1      | Reached skill level 3 in Stealth
   926 | D:2      | Reached XP level 3. HP: 17/34 MP: 3/3
  1098 | D:2      | Reached skill level 4 in Stealth
  1448 | D:2      | Found an opulent altar of Gozag.
  1517 | D:2      | Noticed Natasha
  1527 | D:2      | Slain by Natasha

Vault maps used:
D:1:      dpeg_arrival_arbitrary_c, minmay_octomino_j4
D:2:      kennysheep_six_static_rooms, nicolae_overflow_quartered_altars,
          first_bread, nicolae_gozag_seed_capital, uniq_natasha

Skill      XL: |  1  2  3 |
---------------+----------+-----
Stealth        | 2 3 4 |  4.1
Fighting       | |  3.4
Short Blades   | |  2.0
Armour         | |  2.4
Shields        | |  2.4

Action                   || total
-------------------------++-------
Melee: Rapier            ||    20
Throw: Tomahawk          ||     3
 Abil: Spit Poison       ||    34
  Use: Potion            ||     1
  Eat: Chunk             ||     2
Armor: Ring mail         ||    10
Dodge: Dodged            ||     4
Block: Shield            ||     7

Table legend:
 A = Spawn XP
 B = Non-spawn XP
 C = Spawn XP percentage of total XP
 D = Spawn monster count
 E = Non-spawn monster count
 F = Spawn count percentage of total count
 G = Total turns spent on level
                    A         B        C        D         E        F      G
               +---------+---------+-------+---------+---------+-------+---------
         Total |       0 |      59 |   0.0 |       0 |      25 |   0.0 |  1527
               +---------+---------+-------+---------+---------+-------+---------
           D:1 |       0 |      27 |   0.0 |       0 |      14 |   0.0 |   832
           D:2 |       0 |      32 |   0.0 |       0 |      11 |   0.0 |   695
               +---------+---------+-------+---------+---------+-------+---------
